 Dungeon Crawl Stone Soup version 0.22.1-1-ga44c0e56f4 (webtiles) character file.

182 Morbidden the Poker (level 5, -3/36 HPs)
             Began as an Octopode Fighter on Nov 4, 2018.
             Slain by an ogre
             ... wielding a +0 giant club
              (22 damage)
             ... on level 4 of the Dungeon.
             The game lasted 00:03:25 (2180 turns).

Morbidden the Poker (Octopode Fighter)              Turns: 2180, Time: 00:03:25

Health: -3/36      AC:  1    Str: 15    XL:     5   Next: 62%
Magic:  5/5        EV: 12    Int: 12    God:
Gold:   112        SH:  8    Dex: 11    Spells: 4/4 levels left

rFire    . . .     SeeInvis .   a - +0 trident
rCold    . . .     Gourm    .   b - +0 shield
rNeg     . . .     Faith    .   (helmet restricted)
rPois    .         Spirit   .   (no amulet)
rElec    .         Reflect  .   (no ring)
rCorr    .         Harm     .   (no ring)
MR       .....                  (no ring)
Stlth    +++.......             (no ring)
HPRegen  0.12/turn              (no ring)
MPRegen  0.09/turn              (no ring)
                                (no ring)
                                (no ring)

@: no status effects
A: almost no armour, stealthy swim, amphibious, 8 rings, constrict 8, camouflage
1, gelatinous body 1
a: no special abilities


You were on level 4 of the Dungeon.
You were not hungry.

You visited 1 branch of the dungeon, and saw 4 of its levels.

You collected 112 gold pieces.

Inventory:

Hand Weapons
 a - a +0 trident (weapon)
Armour
 b - a +0 shield (worn)
Wands
 m - a wand of enslavement (11)
Scrolls
 e - 3 scrolls of enchant weapon {unknown}
 f - 3 scrolls of remove curse {unknown}
 i - a scroll of random uselessness {unknown}
 j - a scroll of fear {unknown}
 o - 2 scrolls of identify {unknown}
 p - a scroll of teleportation {unknown}
Potions
 c - a potion of might
 g - a potion of berserk rage {unknown}
 k - a potion of brilliance {unknown}
 l - a potion of magic {unknown}
 n - a potion of flight {unknown}
Comestibles
 d - 3 rations
 q - 2 chunks of flesh


   Skills:
 + Level 3.4 Fighting
 * Level 4.2 Polearms
 + Level 0.2 Throwing
 + Level 3.4 Dodging
 + Level 2.9 Stealth
 + Level 3.3 Shields


You had 4 spell levels left.
You didn't know any spells.
Your spell library was empty.

Dungeon Overview and Level Annotations

Branches:
Dungeon (4/15)
 Temple: D:4-7

Altars:
Okawaru
Sif Muna


Innate Abilities, Weirdness & Mutations

You cannot wear most types of armour.
You are very stealthy in the water. (Stealth+)
You are amphibious.
You can wear up to eight rings at the same time.
You can use your tentacles to constrict eight enemies at once.
Your skin changes colour to match your surroundings (Stealth+).
Your rubbery body absorbs attacks. (AC +1, EV +1)


Message History

Press: ? - help, Shift-Dir - straight line, f/p - ogre
Aim: an ogre, wielding a giant club (moderately wounded)
You throw a javelin. The javelin hits the ogre!
The ogre is heavily wounded.
Throwing (i - inventory)
h - a javelin (quivered)
Press: ? - help, Shift-Dir - straight line, f/p - ogre
Aim: an ogre, wielding a giant club (heavily wounded)
You throw a javelin. The javelin hits the ogre.
The ogre is severely wounded.
The ogre closely misses you.
You puncture the ogre!
The ogre is almost dead.
The ogre hits you with a giant club!
You are too injured to fight recklessly!
Unknown command.
You hit the ogre.
The ogre is almost dead.
The ogre hits you with a giant club!!
Ouch! That really hurt!
You die...

#### ##<.( ..(# .(.#
#####O..#######
##...@.# ......##
#..##### #...#####
##.## ####.......#
###..# #....#.######
####...##
###.####......#
#....### ##...#
######.# #####.#####
#####..### #...<.
#....รท....###.....##
#.####
#.............#####
###.# #


You could see an ogre.

Vanquished Creatures
  A howler monkey (D:4)
  A worker ant (D:4)
  7 adders
  An ooze (D:1)
  3 dart slugs
  A leopard gecko (D:2)
  2 giant cockroaches
  8 goblins
  6 hobgoblins
  2 jackals (D:1)
  A quokka (D:3)
  A ball python (D:3)
  5 bats
  4 frilled lizards
  5 kobolds
  4 rats
52 creatures vanquished.

Notes
Turn   | Place    | Note
-------+----------+-------------------------------------------
     0 | D:1      | Morbidden the Octopode Fighter began the quest for the Orb.
     0 | D:1      | Reached XP level 1. HP: 16/16 MP: 1/1
   142 | D:1      | Reached XP level 2. HP: 16/21 MP: 2/2
   343 | D:1      | Reached XP level 3. HP: 26/26 MP: 3/3
   692 | D:1      | Reached skill level 1 in Stealth
   875 | D:2      | Found an iron altar of Okawaru.
   924 | D:2      | Found a faded altar of an unknown god.
  1093 | D:2      | Found a deep blue altar of Sif Muna.
  1370 | D:3      | Reached skill level 3 in Polearms
  1370 | D:3      | Reached XP level 4. HP: 31/31 MP: 4/4
  2078 | D:4      | Reached skill level 4 in Polearms
  2078 | D:4      | Reached XP level 5. HP: 32/36 MP: 5/5
  2175 | D:4      | Noticed an ogre
  2180 | D:4      | Slain by an ogre

Skill      XL: |  1  2  3  4 |
---------------+-------------+-----
Stealth        | 1 2 |  2.9
Polearms       | 3 4 |  4.2
Fighting       | |  3.4
Throwing       | |  0.2
Dodging        | |  3.4
Shields        | |  3.3

Action                   |  1- 3 |  4- 6 || total
-------------------------+-------+-------++-------
Melee: Trident           |    71 |    52 ||   123
       Constrict         |    13 |     6 ||    19
       Tentacles         |     5 |     6 ||    11
Throw: Javelin           |       |    10 ||    10
 Stab: Sleeping          |    13 |     4 ||    17
       Distracted        |     1 |       ||     1
  Eat: Chunk             |       |     4 ||     4
Armor: Skin              |     4 |     3 ||     7
Dodge: Dodged            |    23 |    14 ||    37
Block: Shield            |    18 |    17 ||    35
